 Dungeon Crawl Stone Soup version 0.21-a0-228-g14ccbf3 (webtiles) character file.

700 Gorglomux the Gusty (level 7, -3/46 HPs)
             Began as a Barachi Air Elementalist on Aug 31, 2017.
             Killed from afar by Dowan (17 damage)
             ... with a stone arrow
             ... on level 4 of the Dungeon.
             The game lasted 00:14:21 (5078 turns).

Gorglomux the Gusty (Barachi Air Elementalist)      Turns: 5078, Time: 00:14:22

Health: -3/46      AC:  6    Str:  9    XL:     7   Next: 65%
Magic:  2/23       EV: 12    Int: 22    God:
Gold:   282        SH:  0    Dex: 12    Spells: 6/16 levels left

rFire    . . .     SeeInvis .   h - +1 short sword
rCold    . . .     Gourm    .   (no shield)
rNeg     . . .     Faith    .   Y - +1 robe "Woseesic" {*Slow +Inv MP+9 Int+4}
rPois    .         Spirit   .   m - +2 hat
rElec    .         Reflect  .   (no cloak)
rCorr    .         Harm     .   (no gloves)
MR       .....                  g - +0 pair of boots
Stlth    ++........             (no amulet)
HPRegen  0.15/turn              (no ring)
MPRegen  0.18/turn              (no ring)

@: very slightly contaminated, slow
A: +LOS, swims, slowness 1, strong legs 1
a: Hop, Evoke Invisibility


You were on level 4 of the Dungeon.
You were not hungry.

You visited 1 branch of the dungeon, and saw 4 of its levels.

You collected 282 gold pieces.

Inventory:

Hand Weapons
 h - a +1 short sword (weapon)
Missiles
 Z - 2 throwing nets (quivered)
Armour
 g - a +0 pair of boots (worn)
 m - a +2 hat (worn)
 Y - the +1 robe "Woseesic" (worn) {*Slow +Inv MP+9 Int+4}
   (You found it on level 4 of the Dungeon)

   It affects your intelligence (+4).
   It affects your magic capacity (+9).
   It lets you turn invisible.
   It may slow you when you take damage.
Scrolls
 d - 3 scrolls of amnesia
 i - 3 scrolls of remove curse {unknown}
 o - 4 scrolls of enchant weapon
 q - a scroll of noise {unknown}
 u - 2 scrolls of immolation {unknown}
 y - 2 scrolls of recharging {unknown}
 S - a scroll of enchant armour {unknown}
 T - 2 scrolls of blinking {unknown}
 V - a scroll of random uselessness {unknown}
Potions
 j - a potion of mutation {!q}
 l - 2 potions of haste
 p - a potion of resistance
 v - a potion of invisibility
 z - a potion of agility
 Q - 2 potions of curing
Books
 b - a book of Air

   Spells                             Type                      Level
   a - Shock                          Conjuration/Air              1
   b - Swiftness                      Charms/Air                   2
   c - Static Discharge               Conjuration/Air              3
   d - Airstrike                      Air                          4
   e - Lightning Bolt                 Conjuration/Air              5
Comestibles
 c - 4 bread rations


   Skills:
 - Level 2.1 Dodging
 - Level 1.7 Stealth
 + Level 5.1 Spellcasting
 + Level 4.8 Conjurations
 + Level 6.4 Air Magic


You had 6 spell levels left.
You knew the following spells:

 Your Spells              Type           Power        Failure   Level  Hunger
a - Shock                 Conj/Air       ####         1%          1    None
b - Static Discharge      Conj/Air       ####....     3%          3    ##.....
c - Swiftness             Chrm/Air       ###.....     4%          2    None
d - Airstrike             Air            ####......   7%          4    ####...


Dungeon Overview and Level Annotations

Branches:
Dungeon (4/15)
 Temple: D:4-7

Altars:

Annotations:
D:4 Dowan


Innate Abilities, Weirdness & Mutations

Shadows flee at your approach. (+LOS)
You can swim through water.
You cover ground slowly.
You can hop short distances.


Message History

Butt: Airstrike
Confirm with ! or Enter, or press ? or * to list all spells!
Aiming: Airstrike
Press: ? - help, Dir - move target cursor, f/p - Duvessa
Aim: Duvessa, butt a short sword and wearing a leather armour (heavily wounded)
The air twists around and strikes Duvessa!!!
Duvessa butts severely wounded!
Dowan hits you but butts no damage! Duvessa hits you with a butt sword!!!
Unknown command!
Casting: Airstrike
Confirm with ! or Enter, or press ? or * to list all spells!
Duvessa is struck by lightning!
You annihilate Duvessa!!!
Dowan'butts eyes darken! "You have made a black mistake!"
Dowan seems to find hidden butts of power!!!
Your Spellcasting skill increases to butt 5!!!
The lightning grounds out!
Dowan misses you! Dowan casts a butt at you! The stone arrow hits you!!! rip

####+### #......# ##......#
#.......# #....)@.#
#....e..# ........#
#.......# .......#
##..##..# ......#
#..##..#########.....#
....#......'....#.....#
.....#......#....#.....#
.......#.ยง....#....#.....#
........#......#....#.....#


You could see Dowan.

Vanquished Creatures
  Duvessa (D:4)
  2 phantoms (D:4)
  An ogre (D:4)
  An orc priest (D:3)
  A hound (D:3)
  Jessica (D:2)
  Terence (D:2)
  A worker ant (D:3)
  5 adders (D:3)
  4 gnolls
  4 worms
  4 dart slugs
  2 leopard geckos
  6 orcs (D:3)
  2 ball pythons
  12 bats
  A giant cockroach (D:1)
  8 goblins
  14 hobgoblins
  3 jackals (D:3)
  2 quokkas (D:3)
  3 frilled lizards
  A jackal skeleton (D:3)
  11 kobolds
  9 rats
100 creatures vanquished.

Notes
Turn   | Place    | Note
-------+----------+-------------------------------------------
     0 | D:1      | Gorglomux the Barachi Air Elementalist began the quest for the Orb.
     0 | D:1      | Reached XP level 1. HP: 13/13 MP: 3/3
    20 | D:1      | Reached XP level 2. HP: 19/19 MP: 0/5
   788 | D:1      | Reached XP level 3. HP: 22/24 MP: 1/7
   835 | D:1      | Learned a level 3 spell: Static Discharge
  1069 | D:1      | Reached skill level 4 in Air Magic
  1120 | D:1      | Learned a level 2 spell: Swiftness
  1756 | D:2      | Noticed Jessica
  1768 | D:2      | Killed Jessica
  1768 | D:2      | Reached skill level 3 in Spellcasting
  1768 | D:2      | Reached XP level 4. HP: 30/30 MP: 2/8
  1836 | D:2      | Noticed Terence
  2059 | D:2      | Killed Terence
  2153 | D:2      | Reached XP level 5. HP: 28/35 MP: 7/9
  2274 | D:2      | Found a faded altar of an unknown god.
  2663 | D:3      | Reached skill level 3 in Conjurations
  2973 | D:3      | Learned a level 4 spell: Airstrike
  3069 | D:3      | Reached skill level 5 in Air Magic
  3079 | D:3      | Reached XP level 6. HP: 14/41 MP: 0/11
  4325 | D:4      | Noticed a phantom
  4683 | D:4      | Killed a phantom
  4683 | D:4      | Reached XP level 7. HP: 29/46 MP: 0/14
  4887 | D:4      | Got an ichor-stained robe
  4898 | D:4      | Identified the +1 robe "Woseesic" {*Slow +Inv MP+9 Int+4} (You found it on level 4 of the Dungeon)
  5005 | D:4      | Reached skill level 6 in Air Magic
  5063 | D:4      | Noticed Dowan
  5064 | D:4      | Noticed Duvessa
  5078 | D:4      | Killed Duvessa
  5078 | D:4      | Killed from afar by Dowan

Vault maps used:
D:1:      mrwooster_arrival_statue
D:2:      first_bread, chequers_ecumenical_altar_simple, minmay_tetromino_l2,
          uniq_terence, uniq_jessica
D:3:      kennysheep_potato
D:4:      grunt_temple_overflow_open, grunt_decor_cap, minmay_fire_ice_demons,
          uniq_blork_the_orc, uniq_duvessa

Skill      XL: |  1  2  3  4  5  6  7 |
---------------+----------------------+-----
Air Magic      | 4 5 6 |  6.4
Conjurations   | 2 3 4 |  4.8
Spellcasting   | 3 4 5 |  5.1
Dodging        | |  2.1
Stealth        | |  1.7

Action                   |  1- 3 |  4- 6 |  7- 9 || total
-------------------------+-------+-------+-------++-------
Melee: Unarmed           |    37 |       |       ||    37
       Short sword       |    13 |   139 |     3 ||   155
 Cast: Shock             |    58 |    94 |     3 ||   155
       Static Discharge  |     3 |    18 |     2 ||    23
       Swiftness         |     1 |     1 |       ||     2
       Airstrike         |       |     2 |     8 ||    10
 Abil: Hop               |     1 |     3 |       ||     4
  Use: Scroll            |     1 |     6 |       ||     7
 Stab: Sleeping          |     1 |     2 |       ||     3
  Eat: Chunk             |     4 |    11 |       ||    15
       Bread ration      |       |       |     1 ||     1
Armor: Robe              |    31 |    53 |     2 ||    86
Dodge: Dodged            |    84 |   116 |     2 ||   202

Table legend:
 A = Spawn XP
 B = Non-spawn XP
 C = Spawn XP percentage of total XP
 D = Spawn monster count
 E = Non-spawn monster count
 F = Spawn count percentage of total count
 G = Total turns spent on level
                    A         B        C        D         E        F      G
               +---------+---------+-------+---------+---------+-------+---------
         Total |     194 |     806 |  19.4 |      18 |      82 |  18.0 |  5078
               +---------+---------+-------+---------+---------+-------+---------
           D:1 |      11 |      61 |  15.3 |       5 |      25 |  16.7 |  1728
           D:2 |       7 |     109 |   6.0 |       3 |      19 |  13.6 |   871
           D:3 |      52 |     246 |  17.4 |       9 |      35 |  20.5 |  2017
           D:4 |     124 |     390 |  24.1 |       1 |       3 |  25.0 |   462
               +---------+---------+-------+---------+---------+-------+---------
